 Dungeon Crawl Stone Soup version 0.23.2 (webtiles) character file.

Game seed: 3557924293040961029

309 Kairos the Poker (level 6, -5/49 HPs)
             Began as a Formicid Abyssal Knight on Apr 12, 2019.
             Was a Priest of Lugonu.
             Slain by Duvessa
             ... wielding a +0 short sword
              (8 damage)
             ... on level 3 of the Dungeon.
             The game lasted 00:06:43 (5864 turns).

Kairos the Poker (Formicid Abyssal Knight)          Turns: 5864, Time: 00:06:43

Health: -5/49      AC:  2    Str: 19    XL:     6   Next: 69%
Magic:  6/7        EV: 12    Int: 13    God:    Lugonu [***...]
Gold:   202        SH:  0    Dex: 10    Spells: 3/5 levels left

rFire    . . .     SeeInvis +   a - +2 spear
rCold    . . .     Gourm    .   (no shield)
rNeg     + . .     Faith    .   e - +0 robe {rN+}
rPois    .         Spirit   .   (helmet unavailable)
rElec    .         Reflect  .   (no cloak)
rCorr    .         Harm     .   (no gloves)
MR       +....                  (no boots)
Stlth    +.........             (no amulet)
HPRegen  0.16/turn              d - ring of protection from magic
MPRegen  0.10/turn              f - +2 ring of intelligence

@: no status effects
A: permanent stasis, dig shafts and tunnels, four strong arms, antennae 3
a: Dig, Shaft Self, Depart the Abyss, Bend Space, Banish, Renounce Religion


You were on level 3 of the Dungeon.
You worshipped Lugonu.
Lugonu was most pleased with you.
You were near starving.

You visited 1 branch of the dungeon, and saw 4 of its levels.
You visited the Abyss 1 time.

You collected 202 gold pieces.

Inventory:

Hand Weapons
 a - a +2 spear (weapon)
Missiles
 i - 4 tomahawks (quivered)
Armour
 b - a +0 leather armour
 e - a +0 robe of positive energy (worn)
Jewellery
 d - a ring of protection from magic (left hand)
 f - a +2 ring of intelligence (right hand)
Scrolls
 g - 2 scrolls of remove curse
 j - 3 scrolls of immolation
 l - 2 scrolls of amnesia {unknown}
Potions
 m - a potion of curing
Comestibles
 c - 6 rations


   Skills:
 + Level 4.7 Fighting
 + Level 4.8 Polearms
 + Level 2.8 Armour
 + Level 2.1 Dodging
 + Level 0.8 Stealth
 + Level 0.1 Spellcasting
 + Level 0.2 Summonings
 + Level 2.2 Invocations


You had 3 spell levels left.
You knew the following spells:

 Your Spells              Type           Power        Failure   Level  Hunger
a - Call Imp              Summ           #.......     38%         2    ###....

Your spell library contained the following spells:

 Spells                   Type           Power        Failure   Level  Hunger
 Magic Dart               Conj           #...         30%         1    ##.....
 Slow                     Hex            #.......     43%         2    ###....
 Conjure Flame            Conj/Fire      #.......     67%         3    ####...
 Mephitic Cloud           Conj/Pois/Air  #.......     67%         3    ####...
 Blink                    Tloc           Unusable     N/A         2    N/A

Dungeon Overview and Level Annotations

Branches:
Dungeon (4/15)
 Temple: D:4-7

Altars:
Vehumet

Annotations:
D:3 Dowan, Duvessa


Innate Abilities, Weirdness & Mutations

You cannot be hasted, slowed, berserked, paralysed or teleported.
You can dig through walls and to a lower floor.
Your four strong arms can wield two-handed weapons with a shield.
You have a pair of large antennae on your head. (SInv)


Message History

Duvessa hits you with a +0 short sword!
* * * LOW HITPOINT WARNING * * *
You hit Duvessa but do no damage.
Duvessa is heavily wounded.
Duvessa hits you with a +0 short sword!
* * * LOW HITPOINT WARNING * * *
You closely miss Duvessa.
Duvessa is heavily wounded.
Duvessa closely misses you.
You hit Duvessa.
Duvessa is severely wounded.
Duvessa hits you with a +0 short sword.
* * * LOW HITPOINT WARNING * * *
You hit Duvessa but do no damage.
Duvessa is severely wounded.
Duvessa hits you with a +0 short sword.
* * * LOW HITPOINT WARNING * * *
Space bends around you!
You feel jittery for a moment. Duvessa hits you with a +0 short sword!
You die...

..........##.<.#...# #.#
...#.####.#.e.)##### #.#
.....# ###...########.#
)##### ##..[.#........#
.########...[###########
...........⌠.##.##
#########....#.#e##
.........#....###e#
###########...##@##
#.)..### ##.<.# #...#
#####


You could see Duvessa.

Vanquished Creatures
  Jessica (D:2)
  Terence (D:2)
  Natasha (thrice) (D:3)
  8 adders
  5 worms
  2 dart slugs
  5 leopard geckos
  3 orcs (D:3)
  7 giant cockroaches
  2 goblins
  12 hobgoblins
  6 jackals
  A quokka (D:2)
  12 bats
  5 frilled lizards
  11 kobolds
  9 rats
93 creatures vanquished.

Notes
Turn   | Place    | Note
-------+----------+-------------------------------------------
     0 | Abyss:1  | Kairos the Formicid Abyssal Knight began the quest for the
                  | Orb.
     0 | Abyss:1  | Reached XP level 1. HP: 18/18 MP: 2/2
    51 | Abyss:2  | Noticed a glowing orange brain
   102 | D:1      | Escaped the Abyss
   829 | D:1      | Reached XP level 2. HP: 23/24 MP: 3/3
  1229 | D:1      | Reached XP level 3. HP: 27/30 MP: 4/4
  1285 | D:1      | Reached * piety under Lugonu
  1846 | D:2      | Reached XP level 4. HP: 28/38 MP: 5/5
  1894 | D:2      | Noticed Terence
  1903 | D:2      | Reached skill level 1 in Dodging
  1903 | D:2      | Noticed Jessica
  1919 | D:2      | Killed Jessica
  1974 | D:2      | Learned a level 2 spell: Call Imp
  1982 | D:2      | Killed Terence
  1982 | D:2      | Reached XP level 5. HP: 32/43 MP: 3/6
  2192 | D:2      | Reached ** piety under Lugonu
  3143 | D:3      | Found a faded altar of an unknown god.
  3581 | D:3      | Noticed Natasha
  3585 | D:3      | Reached XP level 6. HP: 49/49 MP: 7/7
  3593 | D:3      | Killed Natasha
  3729 | D:3      | Reached *** piety under Lugonu
  4002 | D:3      | Found a radiant altar of Vehumet.
  4122 | D:3      | Noticed Natasha
  4143 | D:3      | Killed Natasha
  4711 | D:3      | Noticed Natasha
  4720 | D:3      | Killed Natasha
  4966 | D:4      | Noticed Dowan
  4979 | D:4      | Noticed Duvessa
  5864 | D:3      | Slain by Duvessa

Skill      XL: |  1  2  3  4  5  6 |
---------------+-------------------+-----
Fighting       | 4 |  4.7
Dodging        | 1 2 |  2.1
Polearms       | 3 4 |  4.8
Armour         | |  2.8
Stealth        | |  0.8
Spellcasting   | |  0.1
Summonings     | |  0.2
Invocations    | |  2.2

Action                   |  1- 3 |  4- 6 || total
-------------------------+-------+-------++-------
Melee: Spear             |    99 |   298 ||   397
 Cast: Call Imp          |       |     2 ||     2
Invok: Depart the Abyss  |     1 |       ||     1
       Bend Space        |       |     1 ||     1
 Abil: Dig               |       |     2 ||     2
  Use: Scroll            |     3 |     4 ||     7
       Potion            |       |     2 ||     2
 Stab: Distracted        |       |     3 ||     3
       Sleeping          |       |     1 ||     1
  Eat: Chunk             |     2 |     9 ||    11
       Ration            |       |     1 ||     1
Armor: Leather armour    |    16 |     2 ||    18
       Robe              |       |    25 ||    25
Dodge: Dodged            |    57 |   133 ||   190
